 Dungeon Crawl Stone Soup version 0.13-a0-2350-g4422b0a (webtiles) character file.

228 M4edhros the Sneak (level 5, 0/34 HPs)
             Began as an Octopode Artificer on July 11, 2013.
             Succumbed to a scorpion's poison
             ... on Level 3 of the Dungeon.
             The game lasted 00:01:59 (1791 turns).

M4edhros the Sneak (Octopode Artificer)             Turns: 1791, Time: 00:01:59

HP   0/34        AC  1     Str 12      XL: 5   Next: 21%
MP   7/7         EV 12     Int 15      God:
Gold 90          SH  0     Dex 13      Spells:  0 memorised,  4 levels left

Res.Fire  : + . .   See Invis. : .   a - +0 short sword
Res.Cold  : . . .   Warding    : .   (no shield)
Life Prot.: . . .   Conserve   : .   (helmet restricted)
Res.Poison: .       Res.Corr.  : .   (no amulet)
Res.Elec. : .       Clarity    : .   (no ring)
Sust.Abil.: . .     Spirit.Shd : .   (no ring)
Res.Mut.  : .       Stasis     : .   (no ring)
Res.Rott. : .       Flight     : .   (no ring)
Saprovore : . . .                    (no ring)
                                     (no ring)
                                     (no ring)
                                     (no ring)

@: mildly poisoned, slightly resistant to hostile enchantments, very stealthy
A: almost no armour, amphibious, 8 rings, constrict 8, spike 1, camouflage 1,
fire resistance 1, AC +1, Str +1, Dex +1
a: no special abilities


You were on level 3 of the Dungeon.
You were hungry.

You visited 1 branch of the dungeon, and saw 3 of its levels.

You collected 70 gold pieces.

Inventory:

Hand weapons
 a - a +0,+0 short sword (weapon)
Magical devices
 b - a wand of flame (15)
 c - a wand of enslavement (15)
 d - a wand of random effects (15)
Comestibles
 f - a bread ration
 g - a meat ration
 h - an apple
 r - a pear
Scrolls
 i - a scroll of enchant weapon I {unknown}
 j - a scroll of curse armour {unknown}
 k - a scroll of magic mapping {unknown}
 l - 2 scrolls of identify {unknown}
 n - a scroll of fear {unknown}
 p - a scroll of random uselessness {unknown}
 q - a scroll of remove curse {unknown}
Potions
 s - a potion of might


   Skills:
 - Level 1.0 Fighting
 + Level 2.6 Short Blades
 - Level 2.0 Dodging
 * Level 6.0 Stealth
 - Level 2.1 Traps
 - Level 3.2 Evocations


You had 4 spell levels left.
You didn't know any spells.

Dungeon Overview and Level Annotations

Branches:
Dungeon (3/27)

Altars:


Innate Abilities, Weirdness & Mutations

You cannot wear most types of armour.
You are amphibious.
You can wear up to eight rings at the same time.
You can use your tentacles to constrict many enemies at once.
Your skin changes colour to match your surroundings (Stlth).
Your rubbery body absorbs attacks (AC +1).
One of your tentacles bears a spike.
You are agile (Dex +1).
Your flesh is heat resistant.
Your muscles are strong (Str +1).


Message History

You start resting.
* * * LOW HITPOINT WARNING * * *
You feel sick.
Drink which item? (? for menu, Esc to quit)
Okay, then.
You start resting.
* * * LOW HITPOINT WARNING * * *
You feel sick.
You start resting.
* * * LOW HITPOINT WARNING * * *
You feel sick.
You start resting.
* * * LOW HITPOINT WARNING * * *
You feel sick.
You start resting.
* * * LOW HITPOINT WARNING * * *
You feel sick.
You feel a little better.
You start resting.
You die...

#......#
#......#
#..)...#
.#.#####......#
.............<#
##.#####......#
...........####
.............#
########..@..#
#.....# #.....#
#)....# #..%..#
#.....# #...<%#
#######


There were no monsters in sight!

Vanquished Creatures
  A scorpion (D:3)
  Ijyb (D:3)
  A gnoll (D:1)
  4 adders
  A worm (D:2)
  A ball python (D:2)
  3 giant cockroaches
  6 goblins
  3 hobgoblins
  5 jackals (D:1)
  5 bats
  2 giant geckos
  3 giant newts
  5 kobolds
  9 rats
50 creatures vanquished.

Notes
Turn   | Place    | Note
--------------------------------------------------------------
     0 | D:1      | M4edhros, the Octopode Artificer, began the quest for the Orb.
     0 | D:1      | Reached XP level 1. HP: 14/14 MP: 1/1
   294 | D:1      | Reached XP level 2. HP: 12/19 MP: 3/3
   521 | D:1      | Reached XP level 3. HP: 15/24 MP: 4/4
   880 | D:1      | Reached skill level 4 in Stealth
  1418 | D:2      | Reached XP level 4. HP: 29/29 MP: 6/6
  1449 | D:2      | Reached skill level 5 in Stealth
  1720 | D:3      | Noticed Ijyb
  1726 | D:3      | Killed Ijyb
  1734 | D:3      | Paralysed by a potion of paralysis for 3 turns
  1737 | D:3      | Gained mutation: Your muscles are strong (Str +1). [potion of mutation]
  1737 | D:3      | Lost mutation: Your muscles are strong (Str +1). [potion of mutation]
  1737 | D:3      | Gained mutation: You are agile (Dex +1). [potion of mutation]
  1738 | D:3      | Gained mutation: Your flesh is heat resistant. [potion of mutation]
  1738 | D:3      | Gained mutation: One of your tentacles bears a spike. [potion of mutation]
  1738 | D:3      | Gained mutation: Your muscles are strong (Str +1). [potion of mutation]
  1758 | D:3      | Reached skill level 6 in Stealth
  1758 | D:3      | Reached XP level 5. HP: 14/34 MP: 7/7
  1789 | D:3      | HP: 1/34 [poisoned by a scorpion]
  1791 | D:3      | Succumbed to a scorpion's poison

Action                   |  1- 3 |  4- 6 || total
-------------------------+-------+-------++-------
Melee: Short sword       |    62 |    29 ||    91
  Use: Potion            |       |     4 ||     4
 Stab: Sleeping          |    11 |     6 ||    17
